Map: Efflorescence LE

Players

ender

  • Race: Protoss Protoss
  • Spawn Location: 3:00

Jayzilla

  • Race: Zerg Zerg
  • League: Silver
  • Spawn Location: 12:00

Throwfordays - Winner!

  • Race: Protoss Protoss
  • League: Silver
  • Spawn Location: 9:00

Faust - Winner!

  • Race: Protoss Protoss
  • League: Diamond
  • Spawn Location: 6:00

VOD

Have the link to the VOD?

Description

Time

  • Played on: Feb. 26, 2019, 5:51 p.m.
  • Length: 15:07
Show
View Real Time Build Order
Export as new Build Order

ender Protoss 

Build Orders: 1 Gate Expand, Forge Fast Expand (FFE) 

Get SALT Encoding   

  1  0:00  Probe  
  12  0:05  Probe  
  14  0:15  Probe  
  15  0:23  Pylon  
  15  0:41  Probe  
  15  0:42  Forge  
  16  0:53  Probe  
  17  0:58  Gateway  
  17  1:01  Probe  
  17  1:03  Assimilator  
  18  1:25  Probe  
  19  1:34  Nexus  
  19  1:41  Pylon  
  19  1:49  Zealot  
  21  1:54  Probe  
  21  2:00  Cybernetics Core  
  22  2:05  Probe  
  22  2:06  Assimilator  
  22  2:13  Probe  
  23  2:19  Zealot  
  26  2:28  Probe  
  27  2:40  Warp Gate  
  27  2:43  Gateway  
  27  2:45  Probe  
  27  2:49  Photon Cannon  
  28  2:53  Probe  
  28  2:58  Probe  
  30  3:03  Zealot  
  32  3:08  Probe  
  33  3:17  Photon Cannon  
  33  3:20  Probe  
  33  3:22  Probe  
  33  3:25  Protoss Shields Level 1  
  35  3:30  Zealot  
  37  3:36  Pylon  
  37  3:41  Probe  
  37  3:42  Probe  
  39  3:50  Probe  
  39  3:55  Probe  
  41  4:04  Photon Cannon  
  41  4:06  Pylon  
  41  4:10  Photon Cannon  
  41  4:15  Photon Cannon  
  41  4:19  Stalker  
  43  4:27  Probe  
  43  4:29  Pylon  
  44  4:32  Stalker  
  44  4:35  Probe  
  46  4:41  Probe  
  46  4:43  Probe  
  48  4:52  Probe  
  50  5:00  Probe  
  50  5:01  Gateway  
  50  5:04  Gateway  
  50  5:05  Assimilator  
  50  5:06  Pylon  
  51  5:08  Probe  
  52  5:14  Probe  
  52  5:15  Stalker x2  
  57  5:24  Assimilator  
  57  5:25  Probe  
  57  5:27  Probe  
  58  5:34  Protoss Ground Armor Level 1  
  59  5:39  Probe  
  60  5:44  Stalker x2  
  60  5:45  Photon Cannon  
  60  5:48  Photon Cannon  
  60  5:49  Photon Cannon  
  64  5:51  Probe  
  65  6:09  Stalker  
  65  6:10  Stalker x3  
  73  6:13  Probe  
  74  6:27  Photon Cannon  
  74  6:31  Photon Cannon  
  74  6:33  Photon Cannon  
  74  6:36  Pylon  
  74  6:44  Forge  
  74  6:49  Nexus  
  74  6:54  Pylon  
  74  6:57  Pylon  
  74  7:02  Protoss Ground Weapons Level 1  
  74  7:05  Twilight Council  
  74  7:06  Stalker  
  74  7:07  Stalker  
  77  7:22  Stalker  
  77  7:23  Stalker  
  81  7:38  Photon Cannon  
  81  7:40  Photon Cannon  
  81  7:42  Nexus, Photon Cannon  
  81  7:58  Stalker x4  
  57  8:47  Stalker  
  57  8:48  Stalker x3  
  65  8:58  Gateway  
  65  9:00  Pylon, Gateway  
  65  9:01  Gateway  
  65  9:04  Gateway  
  65  9:08  Protoss Shields Level 2  
  64  9:10  Photon Cannon, Protoss Ground Armor Level 2  
  58  9:23  Pylon  
  55  9:25  Probe  
  55  9:27  Photon Cannon  
  56  9:33  Probe  
  57  9:43  Probe  
  58  9:51  Pylon, Probe  
  59  10:00  Probe  
  59  10:03  Templar Archives  
  59  10:05  Dark Shrine  
  60  10:09  Probe  
  60  10:12  Photon Cannon  
  61  10:16  Photon Cannon  
  61  10:17  Assimilator  
  61  10:21  Stalker x3, Probe  
  63  10:23  Stalker  
  70  10:31  Stalker  
  70  10:32  Stalker  
  70  10:33  Probe  
  70  10:34  Stalker  
  77  10:38  Stalker  
  79  10:45  Probe  
  80  10:54  Stalker x3  
  80  10:55  Stalker  
  80  10:56  Stalker  
  86  11:17  Dark Templar  
  86  11:18  Dark Templar x2  
  90  11:19  Dark Templar x2  
  90  11:20  Dark Templar  
  90  11:53  Dark Templar x4  
  90  11:54  Dark Templar x3  
  56  13:13  Dark Templar x3  
  56  13:14  Dark Templar x4  
  68  13:39  Stalker  
  62  13:54  Stalker x3  
  62  13:55  Stalker  
  56  14:17  Stalker x2  
Show
View Real Time Build Order
Export as new Build Order

Jayzilla Zerg 

Build Orders: Hatch First, Roach Hydra 

Get SALT Encoding   

  12  0:02  Drone  
  13  0:15  Overlord  
  13  0:19  Drone  
  14  0:42  Drone x3  
  17  0:58  Drone  
  17  1:02  Hatchery  
  17  1:03  Extractor  
  16  1:06  Drone  
  17  1:31  Spawning Pool  
  16  1:35  Drone x2  
  19  1:47  Drone  
  19  1:48  Overlord  
  19  2:01  Overlord  
  19  2:18  Drone  
  19  2:19  Drone x2  
  19  2:20  Queen x2  
  26  2:25  Drone  
  27  2:30  Drone  
  27  2:36  Drone  
  29  2:42  Drone  
  30  2:50  Drone  
  31  2:53  Drone  
  31  2:56  Queen  
  34  2:59  Lair  
  34  3:02  Drone x2  
  36  3:09  Overlord  
  36  3:11  Evolution Chamber  
  35  3:16  Overlord  
  35  3:28  Overlord x3  
  35  3:29  Overlord  
  35  3:42  Drone x3  
  35  3:43  Drone x3  
  35  3:46  Extractor  
  35  3:47  Extractor  
  35  3:48  Zerg Missile Weapons Level 1  
  39  3:52  Drone  
  40  3:59  Spore Crawler  
  40  4:00  Spore Crawler  
  38  4:13  Drone x3  
  38  4:14  Drone  
  38  4:15  Spore Crawler, Drone x2  
  43  4:33  Roach Warren, Drone  
  43  4:34  Drone x4, Hydralisk Den  
  46  4:39  Extractor  
  46  4:44  Spore Crawler  
  44  4:54  Drone  
  44  4:55  Drone  
  44  4:57  Drone x2  
  44  4:58  Drone  
  49  5:05  Grooved Spines  
  49  5:10  Drone x3  
  49  5:12  Drone  
  53  5:20  Hatchery  
  52  5:21  Evolution Chamber  
  52  5:25  Overlord x2  
  51  5:29  Glial Reconstitution  
  51  5:41  Drone x6  
  51  5:42  Drone x3  
  60  5:48  Zerg Ground Armor Level 1  
  60  5:54  Extractor x2  
  60  5:56  Drone  
  59  5:58  Infestation Pit  
  58  6:06  Roach x5  
  68  6:18  Roach x2  
  72  6:29  Hydralisk  
  72  6:30  Hydralisk x3  
  80  6:32  Queen  
  80  6:35  Muscular Augments  
  80  6:37  Drone  
  83  6:45  Spore Crawler  
  83  6:46  Drone  
  83  6:47  Drone x4  
  86  6:49  Spine Crawler  
  86  7:04  Drone  
  86  7:05  Drone x8  
  95  7:09  Zerg Missile Weapons Level 2, Hive  
  95  7:13  Overlord  
  95  7:14  Overlord  
  95  7:23  Spore Crawler  
  95  7:27  Drone x3  
  97  7:31  Spore Crawler  
  96  7:41  Hydralisk x4  
  98  7:51  Hydralisk  
  98  7:52  Hydralisk x3  
  98  7:54  Roach  
  90  8:01  Queen  
  90  8:03  Roach  
  90  8:04  Roach x6  
  101  8:10  Overlord x3  
  88  8:30  Drone x2, Spine Crawler  
  88  8:31  Drone x4, Spine Crawler  
  90  8:37  Queen  
  90  8:38  Drone x5  
  97  8:58  Drone x2  
  99  9:11  Spore Crawler, Spire  
  99  9:12  Zerg Ground Armor Level 2  
  99  9:13  Extractor  
  99  9:16  Hatchery  
  95  9:17  Extractor  
  94  9:32  Spore Crawler  
  94  9:33  Roach x2  
  94  9:34  Roach x9  
  115  9:53  Drone x3  
  115  9:54  Drone x4  
  115  9:56  Overlord x5  
  122  10:23  Greater Spire  
  122  10:25  Zerg Missile Weapons Level 3  
  119  10:34  Spore Crawler  
  119  10:35  Spore Crawler  
  113  10:48  Hydralisk  
  113  10:49  Hydralisk x6  
  117  10:50  Hydralisk x2  
  131  11:00  Roach x4  
  131  11:01  Roach x7  
  153  11:04  Queen  
  153  11:06  Drone x3  
  158  11:18  Roach  
  160  11:19  Roach x4  
  160  11:22  Overlord x2  
  168  11:29  Spore Crawler  
  168  11:30  Drone  
  168  11:32  Spore Crawler  
  167  11:55  Drone x3  
  167  11:56  Drone  
  167  11:57  Drone x2  
  167  12:00  Drone x7  
  167  12:01  Drone x2  
  144  12:17  Overseer x5  
  144  12:18  Hydralisk  
  144  12:19  Hydralisk x5  
  110  12:26  Hatchery  
  95  12:34  Drone  
  95  12:35  Drone x2  
  95  12:36  Overlord x4  
  95  12:37  Overlord  
  98  12:38  Zerg Flyer Weapons Level 1  
  98  12:44  Drone x3  
  101  12:55  Hydralisk  
  101  12:56  Hydralisk x4  
  111  12:58  Pneumatized Carapace  
  111  13:04  Drone  
  111  13:05  Drone x4  
  116  13:10  Spine Crawler  
  115  13:13  Hydralisk  
  115  13:14  Hydralisk x3  
  115  13:16  Extractor  
  112  13:20  Hydralisk x2  
  112  13:21  Extractor, Hydralisk  
  102  13:29  Hydralisk  
  102  13:30  Hydralisk x2  
  102  13:31  Hydralisk  
  88  13:43  Hydralisk  
  88  13:44  Hydralisk x3  
  88  13:45  Hydralisk  
  84  13:57  Hydralisk  
  84  13:58  Hydralisk  
  84  13:59  Hydralisk  
  84  14:05  Hydralisk  
  69  14:17  Spore Crawler  
  69  14:19  Hydralisk  
  66  14:31  Hydralisk x2  
  42  14:44  Drone  
  42  14:45  Drone x4  
Show
View Real Time Build Order
Export as new Build Order

Throwfordays Protoss - Winner!

Build Orders: 1 Gate Expand, Oracle Opening 

Get SALT Encoding   

  12  0:00  Probe  
  13  0:12  Probe  
  14  0:19  Pylon  
  14  0:24  Probe  
  15  0:37  Probe  
  15  0:39  Gateway  
  16  0:49  Probe  
  17  0:58  Assimilator  
  17  1:17  Nexus  
  17  1:19  Probe  
  18  1:32  Probe  
  19  1:38  Cybernetics Core  
  19  1:44  Probe  
  20  1:47  Pylon  
  20  2:02  Assimilator  
  20  2:22  Stargate  
  20  2:28  Probe x2  
  21  2:36  Probe x2  
  22  2:39  Warp Gate  
  24  2:44  Probe x2  
  24  2:46  Gateway  
  26  2:55  Probe  
  26  2:56  Probe  
  28  3:07  Probe  
  28  3:08  Probe  
  30  3:19  Probe  
  31  3:20  Probe  
  31  3:24  Oracle  
  35  3:30  Gateway  
  35  3:31  Probe  
  35  3:32  Probe  
  35  3:33  Forge  
  37  3:41  Assimilator  
  37  3:43  Probe  
  37  3:45  Probe  
  40  3:55  Probe  
  40  3:57  Probe  
  40  4:01  Phoenix  
  43  4:09  Probe  
  44  4:12  Stalker  
  46  4:19  Assimilator  
  46  4:23  Pylon  
  46  4:41  Phoenix, Probe x2  
  50  4:47  Protoss Air Weapons Level 1  
  47  4:53  Probe  
  48  5:04  Pylon  
  48  5:05  Probe  
  49  5:08  Pylon  
  49  5:10  Pylon  
  49  5:12  Pylon  
  49  5:17  Probe  
  49  5:19  Fleet Beacon  
  50  5:25  Probe  
  50  5:33  Phoenix  
  53  5:39  Stargate  
  53  5:43  Nexus  
  53  5:46  Pylon  
  53  5:59  Phoenix  
  55  6:06  Assimilator  
  55  6:12  Assimilator  
  55  6:16  Stargate  
  55  6:24  Phoenix  
  57  6:37  Probe  
  58  6:40  Probe  
  58  6:42  Protoss Air Weapons Level 2, Anion Pulse-Crystals  
  59  6:48  Phoenix  
  59  6:49  Probe  
  59  6:52  Probe  
  63  6:56  Probe  
  63  7:01  Probe  
  65  7:04  Probe  
  67  7:08  Probe  
  67  7:20  Probe  
  68  7:32  Probe  
  69  7:38  Phoenix x3  
  69  7:39  Nexus  
  69  7:41  Pylon  
  75  7:44  Probe  
  76  7:57  Probe  
  77  8:03  Phoenix x3  
  83  8:09  Probe  
  82  8:28  Phoenix x2  
  82  8:29  Phoenix  
  88  8:53  Phoenix  
  90  9:31  Protoss Air Weapons Level 3  
  90  9:32  Void Ray  
  90  9:33  Void Ray x2  
  102  9:43  Stargate  
  102  9:46  Stargate  
  102  9:49  Probe  
  103  9:53  Assimilator  
  103  9:58  Assimilator  
  103  10:00  Probe  
  103  10:01  Probe  
  103  10:03  Probe  
  106  10:12  Probe  
  106  10:14  Probe  
  108  10:15  Void Ray x2, Probe  
  108  10:16  Void Ray  
  121  10:24  Probe  
  121  10:26  Probe  
  121  10:27  Probe  
  124  10:36  Probe  
  124  10:38  Probe  
  124  10:39  Probe  
  127  10:48  Probe  
  128  10:51  Void Ray  
  132  10:57  Pylon  
  132  10:58  Pylon  
  132  11:00  Pylon  
  132  11:01  Pylon  
  132  11:03  Pylon  
  132  11:15  Void Ray, Probe  
  132  11:16  Void Ray x2  
  132  11:18  Void Ray  
  145  11:33  Void Ray  
  143  11:53  Pylon  
  143  11:54  Pylon  
  143  11:56  Pylon  
  143  11:58  Pylon, Void Ray  
  143  11:59  Pylon, Void Ray x2  
  143  12:00  Void Ray  
  136  12:16  Void Ray  
  140  12:56  Robotics Facility  
  140  13:44  Observer  
  141  14:05  Observer  
  142  14:26  Observer  
Show
View Real Time Build Order
Export as new Build Order

Faust Protoss - Winner!

Build Orders: 1 Gate Expand 

Get SALT Encoding   

  12  0:01  Probe  
  13  0:14  Pylon  
  13  0:16  Probe  
  14  0:24  Probe  
  15  0:33  Probe  
  16  0:43  Gateway  
  16  0:45  Probe  
  17  0:56  Assimilator, Probe  
  18  1:04  Probe  
  18  1:10  Pylon  
  19  1:12  Probe  
  20  1:24  Probe  
  21  1:36  Nexus  
  21  1:39  Probe  
  22  1:47  Zealot  
  24  2:01  Cybernetics Core  
  24  2:08  Gateway  
  24  2:14  Pylon  
  24  2:17  Probe  
  24  2:19  Warp Gate  
  25  2:23  Assimilator  
  25  2:29  Probe  
  26  2:47  Zealot  
  26  2:50  Probe x2  
  30  2:57  Zealot  
  32  3:02  Probe  
  32  3:04  Pylon  
  32  3:05  Probe  
  34  3:14  Zealot  
  34  3:15  Probe  
  34  3:16  Probe  
  37  3:24  Zealot  
  37  3:26  Probe  
  40  3:27  Forge  
  40  3:28  Probe  
  42  3:40  Probe  
  42  3:41  Zealot, Probe  
  46  3:52  Probe  
  46  3:53  Probe  
  48  4:07  Probe x2  
  48  4:09  Photon Cannon  
  50  4:12  Stalker  
  50  4:14  Protoss Ground Weapons Level 1  
  52  4:17  Stalker  
  52  4:22  Gateway  
  54  4:24  Gateway  
  54  4:25  Pylon  
  54  4:27  Probe x2  
  54  4:30  Assimilator  
  56  4:34  Assimilator  
  56  4:39  Probe  
  57  4:51  Twilight Council  
  57  4:57  Zealot x2  
  61  5:02  Pylon  
  61  5:03  Photon Cannon, Probe  
  61  5:05  Photon Cannon, Probe  
  63  5:16  Probe  
  63  5:17  Probe  
  65  5:23  Stalker  
  65  5:24  Stalker  
  65  5:25  Stalker  
  65  5:26  Blink  
  71  5:33  Probe x2  
  73  5:59  Probe x2  
  73  6:00  Stalker  
  77  6:05  Pylon  
  77  6:15  Pylon  
  77  6:20  Pylon  
  77  6:24  Protoss Ground Weapons Level 2  
  77  6:26  Probe x2  
  79  6:38  Stalker x2, Probe x2  
  79  6:39  Stalker x2  
  89  6:47  Nexus  
  89  6:50  Probe  
  90  6:56  Pylon  
  90  6:59  Probe  
  91  7:02  Probe  
  92  7:11  Probe  
  92  7:12  Charge  
  92  7:14  Stalker x2, Probe  
  98  7:15  Stalker  
  98  7:16  Pylon, Stalker  
  102  7:23  Probe  
  102  7:26  Probe  
  104  7:30  Dark Shrine  
  90  8:00  Pylon  
  86  8:19  Stalker x3  
  86  8:20  Stalker  
  78  8:28  Pylon  
  78  8:30  Resonating Glaives  
  65  8:43  Protoss Ground Weapons Level 3  
  65  9:01  Probe x2  
  65  9:02  Probe  
  67  9:03  Pylon  
  67  9:05  Assimilator, Pylon  
  67  9:06  Gateway x2  
  67  9:09  Probe x2  
  68  9:10  Probe  
  68  9:11  Assimilator, Gateway x2  
  71  9:18  Probe  
  71  9:20  Zealot x4  
  80  9:32  Forge  
  80  9:40  Pylon  
  80  9:48  Protoss Shields Level 1  
  80  9:59  Nexus  
  80  10:01  Pylon  
  80  10:02  Photon Cannon  
  80  10:03  Probe x3  
  80  10:04  Photon Cannon  
  80  10:05  Photon Cannon  
  83  10:15  Stalker x3, Probe x2  
  83  10:17  Stalker x3  
  83  10:19  Stalker x2  
  101  10:43  Stalker x3  
  101  10:44  Pylon, Stalker  
  101  10:45  Stalker  
  101  10:46  Stalker, Zealot x2  
  89  11:37  Dark Templar x4  
  89  11:38  Dark Templar  
  89  11:39  Dark Templar x3  
  101  11:41  Protoss Shields Level 2  
  101  11:42  Protoss Ground Armor Level 1  
  100  12:15  Shadow Stride  
  89  12:54  Photon Cannon  
  89  12:55  Dark Templar x4  
  89  12:57  Dark Templar x3  
  89  12:58  Dark Templar  
  83  13:34  Photon Cannon  
  83  13:35  Photon Cannon  
  83  13:38  Photon Cannon  
  83  13:40  Photon Cannon  
  83  13:42  Photon Cannon  
  82  14:03  Nexus  
  82  14:05  Photon Cannon  
  82  14:07  Photon Cannon  
  82  14:18  Dark Templar x5  
  82  14:19  Dark Templar x3  
  98  14:36  Probe x3  
  101  14:48  Probe x3  
Tags
 
Add a new tag
Caveats
  • Supply blocks, unpowered buildings, or Contaminate may cause inaccurate times.
  • Supply counts are checked every 10 seconds.